 Dungeon Crawl Stone Soup version 0.32-a0-995-gb4a59205af (webtiles) character file.

Game seed: 2347179654310367516

11 jasper the Chopper (level 2, -2/26 HPs)
             Began as a Mountain Dwarf Fighter on Apr 22, 2024.
             Succumbed to a goblin's poison
             ... on level 1 of the Dungeon.
             The game lasted 00:00:45 (303 turns).

jasper the Chopper (Mountain Dwarf Fighter)          Turns: 303, Time: 00:00:46

Health: -2/26      AC:  9    Str: 18    XL:     2   Next: 17%
Magic:  2/2        EV:  6    Int:  8    God:
Gold:   7          SH:  4    Dex:  9    Spells: 1/1 levels left

rFire   + . .        a - +0 war axe
rCold   . . .        c - +0 buckler
rNeg    . . .        f - +0 chain mail
rPois   .            (no helmet)
rElec   .            (no cloak)
rCorr   .            (no gloves)
SInv    .            (no boots)
Will    .....        (no amulet) Stlth
                     e - ring of protection from fire
HPRegen 0.24/turn    (no ring)
MPRegen 0.08/turn

%: no passive effects
@: lethally poisoned (-2 -> -30)
A: runic magic, artefact enchanting
a: no special abilities


You were on level 1 of the Dungeon.
You visited 1 branch of the dungeon, and saw 1 of its levels.

You collected 7 gold pieces.

Inventory:

Hand Weapons
 a - a +0 war axe (weapon)
Missiles
 g - 4 stones (quivered)
Armour
 b - a +0 scale mail
 c - a +0 buckler (worn)
 f - a +0 chain mail (worn)
Jewellery
 e - a ring of protection from fire (left hand)
Potions
 d - a potion of might


   Skills:
 - Level 3.2 Fighting
 + Level 3.5 Axes
 - Level 3.2 Armour
 - Level 3.2 Shields


You had one spell level left.
You didn't know any spells.
Your spell library was empty.

Dungeon Overview and Level Annotations

Branches:
Dungeon (1/15)

Altars:


Innate Abilities, Weirdness & Mutations

Your spellcasting is much less encumbered by armour.
You can use scrolls of enchantment on lesser artefacts.


Message History

Found a robe and a sling.
You see here 5 stones.
g - 5 stones A goblin comes into view. It is wielding a +0 dagger of venom.
Found a purple potion.
The goblin shouts!
Throw: 5 stones
Press: ? - help, Q - select action Shift-Dir - straight line, f - goblin
Aim: a goblin, wielding a +0 dagger of venom (40% to hit)
You throw a stone. The stone hits the goblin.
The goblin is moderately wounded.
You barely miss the goblin.
The goblin is moderately wounded.
The goblin hits you but does no damage.
You are poisoned.
The goblin hits you with a +0 dagger of venom.
You are more poisoned.
You take 2 damage, and have 24/26 hp.
You closely miss the goblin.
The goblin is moderately wounded.
You feel very sick.
The goblin hits you with a +0 dagger of venom.
You are lethally poisoned!
You take 7 damage, and have 17/26 hp.
MASSIVE DAMAGE!!
You hit the goblin but do no damage.
The goblin is moderately wounded.
You feel very sick. The goblin hits you but does no damage.
You are more poisoned.
You take 6 damage, and have 11/26 hp.
MASSIVE DAMAGE!!
You barely miss the goblin.
The goblin is moderately wounded.
* * * LOW HITPOINT WARNING * * *
You feel very sick. You block the goblin's attack.
The goblin hits you but does no damage.
You are more poisoned.
You take 5 damage, and have 6/26 hp.
You barely miss the goblin.
The goblin is moderately wounded.
You die...

## #!# #### #.#
...# ...#.# ##.#
#..##.# #.# #...#.#
#.# #...##g#### #.#
#.#...#@.)# #.#
#.##..#..!# #.#
#.....#..[# #.#
#...##.#### #.#
##...#.#.....# #.#
##..##.##....##
##.##
##...#.#...##....
#.#.# #..##.##..##
.)$
.#.####..#.#....###
..


You could see a goblin.

Vanquished Creatures
  A ball python (D:1)
  4 bats (D:1)
  An endoplasm (D:1)
  2 goblins (D:1)
  A frilled lizard (D:1)
  2 rats (D:1)
11 creatures vanquished.

Notes
Turn   | Place    | Note
-------+----------+-------------------------------------------
     0 | D:1      | jasper the Mountain Dwarf Fighter began the quest for the
                  | Orb.
     0 | D:1      | Reached XP level 1. HP: 19/19 MP: 1/1
   206 | D:1      | Reached XP level 2. HP: 13/26 MP: 2/2
   303 | D:1      | Succumbed to a goblin's poison

Illustrated notes

Levels and vault maps discovered:
D:1:      roadster_arrival_rocket_small, layout_loops_corners,
          hellmonk_ecumenical_altar_crossroads, dreamdust_mushroom_princess,
          minmay_vboxes

Skill      XL: |  1 |
---------------+----+-----
Axes           | 3 |  3.5
Fighting       | |  3.2
Armour         | |  3.2
Shields        | |  3.2

Action                     || total
---------------------------++-------
  Melee: War axe           ||    33
  Throw: Stone             ||     1
 Armour: Chain mail        ||    37
         Scale mail        ||    10
  Dodge: Dodged            ||    20
  Block: Buckler           ||    13

Table legend: (Time is in decaauts)
 A = Elapsed time spent in this place.
 B = Non-inter-level travel time spent in this place.
 C = Inter-level travel time spent in this place.
 D = Time resting spent in this place.
 E = Time spent auto-exploring this place.
 F = Levels seen in this place.
 G = Mean time per level.
                   A        B        C        D        E       F      G
               +--------+--------+--------+--------+--------+-----+--------+
         Total |    320 |    320 |      0 |      0 |    195 |   1 |  320.0 |
       Dungeon |    320 |    320 |      0 |      0 |    195 |   1 |  320.0 |
               +--------+--------+--------+--------+--------+-----+--------+

Top non-repeatable levels by time:
     D:1: 320 daAuts
